 Dungeon Crawl Stone Soup version 0.25-a0-513-ge77a69270c (webtiles) character file.

Game seed: 18384526185538020677, levelgen mode: deterministic

2668 Error4North the Cleaver (level 9, -2/78 HPs)
             Began as a Hill Orc Fighter on Feb 16, 2020.
             Was a Believer of Okawaru.
             Impaled on a porcupine's spines (15 damage)
             ... on level 1 of the Lair of Beasts.
             The game lasted 00:31:54 (7750 turns).

Error4North the Cleaver (Hill Orc Fighter)          Turns: 7750, Time: 00:31:55

Health: -2/78      AC: 17    Str: 20    XL:     9   Next: 63%
Magic:  10/11      EV:  5    Int:  8    God:    Okawaru [**....]
Gold:   420        SH: 14    Dex: 12    Spells: 8/8 levels left

rFire    . . .     SeeInvis .   E - +0 broad axe
rCold    . . .     Gourm    .   c - +0 kite shield
rNeg     . . .     Faith    .   H - +0 plate armour
rPois    .         Spirit   .   s - +0 helmet
rElec    .         Reflect  +   m - +0 cloak
rCorr    .         Harm     .   o - +0 pair of gloves
MR       .....                  (no boots)
Stlth    ..........             C - +3 amulet of reflection
HPRegen  0.23/turn              (no ring)
MPRegen  0.12/turn              (no ring)

@: no status effects
A: no striking features
a: Heroism, Renounce Religion


You were on level 1 of the Lair of Beasts.
You worshipped Okawaru.
Okawaru was pleased with you.
You were not hungry.

You visited 3 branches of the dungeon, and saw 10 of its levels.
You also visited: Sewer.

You collected 420 gold pieces.

Inventory:

Hand Weapons
 E - a +0 broad axe (weapon)
Armour
 c - a +0 kite shield (worn)
 m - a +0 cloak (worn)
 o - a +0 pair of gloves (worn)
 s - a +0 helmet (worn)
 H - a +0 plate armour (worn)
Jewellery
 C - a +3 amulet of reflection (around neck)
 K - an uncursed ring of wizardry {unknown}
 L - an uncursed ring of positive energy {unknown}
Wands
 a - a wand of flame (18)
 v - a wand of iceblast (7)
 A - a wand of polymorph (4)
 I - a wand of clouds (3)
Scrolls
 b - 4 scrolls of fog {unknown}
 e - a scroll of fear {unknown}
 g - a scroll of random uselessness {unknown}
 i - 5 scrolls of enchant armour {unknown}
 l - 16 scrolls of identify {unknown}
 n - a scroll of teleportation {unknown}
 q - 7 scrolls of remove curse {unknown}
 t - 4 scrolls of blinking {unknown}
 u - 2 scrolls of enchant weapon {unknown}
 w - a scroll of brand weapon {unknown}
 y - 2 scrolls of amnesia {unknown}
 z - 2 scrolls of immolation {unknown}
 D - a scroll of magic mapping {unknown}
Potions
 d - 3 potions of might
 h - 3 potions of lignification {unknown}
 j - 5 potions of curing
 k - a potion of berserk rage
 p - 2 potions of heal wounds {unknown}
 r - 5 potions of brilliance {unknown}
 x - 4 potions of haste {unknown}
 B - a potion of invisibility {unknown}
 F - a potion of magic {unknown}
 G - 2 potions of agility {unknown}
 J - a potion of flight {unknown}
Comestibles
 f - 13 rations


   Skills:
 * Level 6.5 Fighting
 + Level 9.1 Axes
 + Level 0.1 Throwing
 * Level 7.0 Armour
 + Level 1.0 Dodging
 + Level 0.2 Stealth
 * Level 8.1 Shields
 + Level 0.2 Unarmed Combat
 * Level 3.1 Invocations
 * Level 3.1 Evocations


You had 8 spell levels left.
You didn't know any spells.
Your spell library contained the following spells:

 Spells                   Type           Power        Failure   Level  Hunger
 Bolt of Magma            Conj/Fire/Erth #.........   100%        5    ######.
 Iskenderun's Battlesphe  Conj/Chrm      #.......     100%        5    ######.
 Iron Shot                Conj/Erth      #.........   100%        6    #######
 Orb of Destruction       Conj           #.........   100%        7    #######
 Spellforged Servitor     Conj/Summ      #.........   100%        7    #######


Dungeon Overview and Level Annotations

Branches:
Dungeon (8/15)             Temple (1/1) D:7            Lair (1/6) D:8
  Sewer (visited)

Altars:
Cheibriados
Dithmenos
Elyvilon
Fedhas
Gozag
Hepliaklqana
Kikubaaqudgha
Makhleb
Nemelex Xobeh
Okawaru
Qazlal
Ru
Sif Muna
Trog
Uskayaw
Vehumet
Wu Jian
Xom
Yredelemnul
Zin
The Shining One

Shops:
D:6 =

Annotations:
D:6 3 runed translucent doors, Calas's ghost, novice MiGl


Message History

Found an ivory wand.
A porcupine comes into view.
You see here a ration.
f - 12 rations (gained 1)
You see here a ration.
f - 13 rations (gained 1)
You block the porcupine's attack. x2
You are struck by the porcupine's spines.
You hit the porcupine.
The porcupine is lightly wounded.
You block the porcupine's attack.
You are struck by the porcupine's spines.
* * * LOW HITPOINT WARNING * * *
You closely miss the porcupine. The porcupine bites you!
* * * LOW HITPOINT WARNING * * *
You miss the porcupine.
You feel like a meek peon again. You block the porcupine's attack.
You are struck by the porcupine's spines.
You die...

##.###..#....#....
#.# ##...........
... ##........./
...
.####...........
....
...............#
...
.......†.....##
....##......###
....##......# ...
#...@...# ..
#....r..#
#...PP..#
#.....P...#
##..P......#
#......##..#
#..##### #..# ..#
... ..# #.


You could see a porcupine.

Vanquished Creatures
  A spiny frog (Lair:1)
  3 wargs (D:8)
  An ice beast (D:8)
  An orc warrior (D:8)
  2 black bears
  A sky beast (D:5)
  An ogre (D:8)
  A crocodile (Lair:1)
  A big kobold (D:7)
  3 bullfrogs
  A scorpion (D:7)
  3 howler monkeys
  3 crimson imps
  5 hounds
  Jessica (D:2)
  A centaur skeleton (D:8)
  An iguana (D:6)
  11 orc wizards
  2 worker ants
  A hound skeleton (D:4)
  4 gnolls (D:6)
  A howler monkey skeleton (D:7)
  9 adders
  4 river rats
  A shadow imp (D:7)
  An ooze (D:7)
  An adder skeleton (D:7)
  An adder zombie (D:6)
  4 worms
  A dart slug (D:1)
  A leopard gecko (D:1)
  13 orcs
  5 giant cockroaches
  8 goblins
  12 hobgoblins
  14 jackals
  17 kobolds
  3 quokkas
  6 ball pythons
  9 bats
  13 frilled lizards
  A quokka skeleton (D:8)
  13 rats
  A plant (Temple)
187 creatures vanquished.

Notes
Turn   | Place    | Note
-------+----------+-------------------------------------------
     0 | D:1      | Error4North the Hill Orc Fighter began the quest for the
                  | Orb.
     0 | D:1      | Reached XP level 1. HP: 19/19 MP: 1/1
    15 | D:1      | You fall into a shaft and drop 1 floor!
   201 | D:2      | Noticed Jessica
   218 | D:2      | Killed Jessica
   218 | D:2      | Reached skill level 3 in Axes
   218 | D:2      | Reached XP level 2. HP: 27/27 MP: 2/2
   218 | D:2      | Reached XP level 3. HP: 33/33 MP: 3/3
   415 | D:2      | Reached XP level 4. HP: 37/40 MP: 4/4
  1644 | D:2      | Reached skill level 4 in Axes
  1769 | D:3      | Reached XP level 5. HP: 47/47 MP: 5/5
  1878 | D:3      | Found a stormy altar of Qazlal.
  2270 | D:4      | Reached skill level 5 in Axes
  2270 | D:4      | Reached XP level 6. HP: 41/53 MP: 6/6
  2334 | D:3      | Reached skill level 5 in Shields
  2625 | D:4      | Found a sacrificial altar of Ru.
  2712 | D:4      | Found a glowing drain.
  2716 | Sewer    | Entered a sewer
  3490 | D:5      | Entered Level 5 of the Dungeon
  3582 | D:5      | Noticed a sky beast
  3605 | D:5      | Killed a sky beast
  3605 | D:5      | Reached skill level 6 in Axes
  3605 | D:5      | Reached XP level 7. HP: 22/60 MP: 7/7
  3928 | D:5      | Found a glowing golden altar of the Shining One.
  4140 | D:6      | Reached skill level 7 in Axes
  4286 | D:6      | Reached skill level 5 in Fighting
  4286 | D:6      | Reached skill level 5 in Armour
  4399 | D:6      | Found a faded altar of an unknown god.
  4399 | D:6      | Found a stormy altar of Qazlal.
  4407 | D:6      | Found a snail-covered altar of Cheibriados.
  4409 | D:6      | Found a hide-covered altar of Uskayaw.
  4410 | D:6      | Found a faded altar of an unknown god.
  4460 | D:6      | Reached XP level 8. HP: 61/68 MP: 8/8
  4511 | D:6      | Noticed Calas's ghost (novice MiGl)
  4518 | D:6      | Found a runed translucent gate.
  4518 | D:6      | Found a runed translucent gate.
  4518 | D:6      | Found a runed translucent gate.
  4697 | D:6      | Found a shimmering blue altar of Sif Muna.
  4730 | D:6      | Reached skill level 1 in Evocations
  4742 | D:6      | Found an ancient bone altar of Kikubaaqudgha.
  4754 | D:6      | Found a radiant altar of Vehumet.
  4780 | D:6      | Found Valeegyf's Jewellery Emporium.
  5356 | D:7      | Found a staircase to the Ecumenical Temple.
  5369 | Temple   | Entered the Ecumenical Temple
  5456 | Temple   | Became a worshipper of Warmaster Okawaru
  5947 | D:7      | Reached skill level 8 in Axes
  6199 | D:7      | Found a burning altar of Makhleb.
  6200 | D:7      | Found a shadowy altar of Dithmenos.
  6361 | D:8      | Reached skill level 1 in Invocations
  6543 | D:8      | Reached * piety under Okawaru
  6543 | D:8      | Reached XP level 9. HP: 49/75 MP: 10/10
  6609 | D:8      | Reached skill level 1 in Dodging
  6629 | D:8      | Found a staircase to the Lair.
  6934 | D:8      | Found a hazy altar of Hepliaklqana.
  7706 | Lair:1   | Entered Level 1 of the Lair of Beasts
  7724 | Lair:1   | Noticed a spiny frog
  7736 | Lair:1   | Killed a spiny frog
  7736 | Lair:1   | Reached ** piety under Okawaru
  7736 | Lair:1   | Reached skill level 9 in Axes
  7750 | Lair:1   | Impaled on a porcupine's spines

Levels and vault maps discovered:
D:1:      matt_arrival_spirals, layout_basic
D:2:      cheibrodos_greedy_goblins, layout_rooms, st_stairs_10, nrook_uturn,
          minmay_split_cup_small, uniq_jessica
D:3:      layout_rooms, nicolae_qazlal_eye_of_the_storm
D:4:      layout_rooms, nicolae_ru_great_annihilating_truth,
          lightli_sewer_entry_pipes
D:5:      layout_rooms, tso_oasis_becter, first_ration
D:6:      layout_gridville, palyth_temple_overflow_mages,
          chequers_temple_overflow_minitemple, serial_shops,
          kennysheep_little_box, gammafunk_ghost_icy
D:7:      layout_basic, minitemple, minmay_temple_entry_mist
D:8:      layout_loops_corners, lemuel_doored_altar, erik_lair_orcish_takeover
Temple:   cyrus_temple_forest
Lair:1:   layout_cave_pods, gauntlet_entry_generic, lemuel_fruit_tree

Skill      XL: |  1  2  3  4  5  6  7  8  9 |
---------------+----------------------------+-----
Axes           | 3 4 5 6 7 8 9 |  9.1
Fighting       | 4 5 6 |  6.5
Shields        | 4 5 6 7 8 |  8.1
Armour         | 4 5 6 7 |  7.0
Evocations     | 2 3 |  3.1
Invocations    | 1 3 |  3.1
Dodging        | 1 |  1.0
Throwing       | |  0.1
Stealth        | |  0.2
Unarmed Combat | |  0.2

Action                   |  1- 3 |  4- 6 |  7- 9 || total
-------------------------+-------+-------+-------++-------
Melee: War axe           |    85 |   288 |   132 ||   505
       Unarmed           |       |    17 |       ||    17
       Broad axe         |       |       |   217 ||   217
Throw: Boomerang         |       |    12 |       ||    12
Invok: Heroism           |       |       |     1 ||     1
Evoke: Wand              |       |       |     2 ||     2
  Use: Potion            |       |     2 |       ||     2
 Stab: Paralysed         |       |     2 |       ||     2
  Eat: Chunk             |       |    10 |     8 ||    18
       Ration            |       |       |     2 ||     2
Armor: Scale mail        |    46 |    61 |       ||   107
       Chain mail        |       |   132 |    72 ||   204
       Plate armour      |       |       |   127 ||   127
Dodge: Dodged            |    27 |    86 |    67 ||   180
Block: Kite shield       |    38 |   185 |   221 ||   444
       Reflection        |       |       |     2 ||     2

Table legend:
 A = Non-vault XP
 B = Vault XP
 C = Vault XP percentage of total XP
 D = Non-vault monster count
 E = Vault monster count
 F = Vault count percentage of total count
                 A         B        C        D         E       F
            +---------+---------+-------+---------+---------+-------
      Total |    2874 |     938 |  24.6 |     130 |      55 |  29.7
            +---------+---------+-------+---------+---------+-------
        D:1 |      37 |       0 |   0.0 |      23 |       0 |   0.0
        D:2 |      35 |      75 |  68.2 |      13 |      14 |  51.9
        D:3 |      59 |       0 |   0.0 |      14 |       0 |   0.0
        D:4 |     208 |      98 |  32.0 |      10 |      11 |  52.4
        D:5 |     302 |       0 |   0.0 |      13 |       0 |   0.0
        D:6 |     523 |     102 |  16.3 |      13 |       3 |  18.8
        D:7 |     590 |       0 |   0.0 |      27 |       0 |   0.0
        D:8 |     521 |     619 |  54.3 |      14 |       8 |  36.4
     Lair:1 |     599 |       0 |   0.0 |       3 |       0 |   0.0
      Sewer |       0 |      44 | 100.0 |       0 |      19 | 100.0
            +---------+---------+-------+---------+---------+-------
